[Event "12th Philadelphia Open"]
[Site "Philadelphia"]
[Date "2018.03.30"]
[Round "4.4"]
[White "Mulyar, Michael"]
[Black "Burke, John M"]
[Result "1/2-1/2"]
[ECO "D41"]
[WhiteElo "2396"]
[BlackElo "2525"]
[PlyCount "89"]
[EventDate "2018.03.??"]
[EventType "swiss"]
[EventRounds "9"]
[EventCountry "USA"]
[TimeControl "5400+30"]
[WhiteClock "0:15:03"]
[BlackClock "0:58:42"]

1. d4 Nf6 2. Nf3 d5 3. c4 e6 4. Nc3 c5 5. cxd5 Nxd5 6. e4 Nxc3 7. bxc3 cxd4 8. cxd4 Bb4+ 9. Bd2 Bxd2+ 10. Qxd2 O-O 11. Bc4 Nd7 12. O-O b6 13. Rfe1 Bb7 14. Rad1 Rc8 15. Bb3 Re8 16. h3 Nf6 17. Qf4 Nh5 18. Qh2 Nf6 19. d5 exd5 20. e5 Nd7 21. Nd4 f6 22. e6 Nc5 23. Nf5 Nxb3 24. axb3 Rc6 25. Qg3 Qc7 26. Qxc7 Rxc7 27. Nd6 Ree7 28. Nf5 Re8 29. Nd6 Ree7 30. f4 g6 31. g4 Bc8 32. f5 gxf5 33. gxf5 Rc2 34. Rc1 Rxc1 35. Rxc1 Bxe6 36. fxe6 Rxe6 37. Nf5 Re5 38. Rc8+ Kf7 39. Rc7+ Kf8 40. Rc8+ Kf7 41. Rc7+ Kf8 42. Nd6 d4 43. Rxa7 d3 44. Nc4 Re2 45. Rd7 1/2-1/2

[Event "12th Philadelphia Open"]
[Site "Philadelphia"]
[Date "2018.03.30"]
[Round "5"]
[White "Goletiani, Rusudan"]
[Black "Warusawitharana, Missaka"]
[Result "1/2-1/2"]
[ECO "A14"]
[WhiteElo "2306"]
[BlackElo "2024"]
[PlyCount "81"]
[EventDate "2018.03.??"]
[EventType "swiss"]
[EventRounds "9"]
[EventCountry "USA"]
[TimeControl "5400+30"]

1. c4 e6 2. g3 Nf6 3. Bg2 d5 4. Nf3 Be7 5. O-O O-O 6. b3 c5 7. cxd5 Nxd5 8. Bb2
Nc6 9. Nc3 Nxc3 10. Bxc3 Qc7 11. Rc1 e5 12. d3 Be6 13. Qd2 f6 14. Nh4 a5 15. f4
exf4 16. gxf4 a4 17. Qe3 Qd7 18. Qg3 axb3 19. axb3 Ra3 20. f5 Bxb3 21. Ng6 hxg6
22. fxg6 Qe6 23. Bh3 Qxe2 24. Bg4 Bd6 25. Bxe2 Bxg3 26. hxg3 Bd5 27. Rfe1 Re8
28. Bf3 Rxe1+ 29. Rxe1 Kf8 30. Bxd5 Rxc3 31. Be4 Nd4 32. Ra1 f5 33. Bxb7 Rxd3
34. Kf2 Rb3 35. Ra7 Rb6 36. Bd5 Rxg6 37. Rf7+ Ke8 38. Rc7 Ne6 39. Bxe6 Rxe6 40.
Rxc5 g6 41. Kf3 1/2-1/2

[Event "12th Philadelphia Open"]
[Site "Philadelphia"]
[Date "2018.03.30"]
[Round "5"]
[White "Guo, Arthur"]
[Black "Oberoi, Shelev"]
[Result "1-0"]
[ECO "C78"]
[WhiteElo "2208"]
[BlackElo "1924"]
[PlyCount "51"]
[EventDate "2018.03.??"]
[EventType "swiss"]
[EventRounds "9"]
[EventCountry "USA"]
[TimeControl "5400+30"]

1. e4 e5 2. Nf3 Nc6 3. Bb5 a6 4. Ba4 Nf6 5. O-O b5 6. Bb3 Bb7 7. d3 Bc5 8. Nc3
d6 9. a4 Na5 10. Ba2 b4 11. Ne2 O-O 12. Be3 Bxe3 13. fxe3 d5 14. exd5 Bxd5 15.
Bxd5 Qxd5 16. Ng3 Rae8 17. Ng5 Nd7 18. Qg4 f6 19. Nf3 b3 20. c3 Qe6 21. Nf5 g6
22. N3h4 Kf7 23. Qh3 gxf5 24. Nxf5 Rh8 25. Qh5+ Kg8 26. Qg5+ 1-0

[Event "12th Philadelphia Open"]
[Site "Philadelphia"]
[Date "2018.03.30"]
[Round "5"]
[White "Hong, Andrew"]
[Black "Tang, Andrew"]
[Result "1-0"]
[ECO "C79"]
[WhiteElo "2365"]
[BlackElo "2509"]
[PlyCount "112"]
[EventDate "2018.03.??"]
[EventType "swiss"]
[EventRounds "9"]
[EventCountry "USA"]
[TimeControl "5400+30"]

1. e4 e5 2. Nf3 Nc6 3. Bb5 a6 4. Ba4 Nf6 5. O-O d6 6. Bxc6+ bxc6 7. d4 exd4 8.
Nxd4 c5 9. Nc6 Qd7 10. Na5 Qa4 11. Bd2 Bg4 12. f3 Be6 13. c4 Qd7 14. Nc3 c6 15.
f4 Qc7 16. Qa4 Rc8 17. Nd5 Nxd5 18. exd5 Bd7 19. Rae1+ Be7 20. Nxc6 Bxc6 21.
dxc6 Qxc6 22. Qd1 Qd7 23. f5 O-O 24. Bc3 Rfe8 25. Re3 Bg5 26. Rg3 f6 27. Rd3
Rcd8 28. Qf3 Qa4 29. Qd5+ Kf8 30. Rg3 h6 31. Rg4 Qc2 32. h4 Be3+ 33. Kh2 h5 34.
Bxf6 hxg4 35. Bxd8 Rxd8 36. f6 Qg6 37. Qe6 Qe8 38. Qe7+ Qxe7 39. fxe7+ Kxe7 40.
Re1 Kf6 41. Rxe3 a5 42. Rd3 Ke6 43. Kg3 d5 44. Rxd5 Rxd5 45. cxd5+ Kxd5 46.
Kxg4 Kd4 47. Kf5 a4 48. g4 a3 49. b3 Kc3 50. Ke4 Kb2 51. Kd3 Kxa2 52. Kc2 Ka1
53. h5 a2 54. g5 c4 55. b4 g6 56. b5 gxh5 1-0

[Event "12th Philadelphia Open"]
[Site "Philadelphia"]
[Date "2018.03.30"]
[Round "5"]
[White "Li, Ruifeng"]
[Black "Shen, Christopher"]
[Result "1-0"]
[ECO "C00"]
[WhiteElo "2585"]
[BlackElo "2276"]
[PlyCount "155"]
[EventDate "2018.03.??"]
[EventType "swiss"]
[EventRounds "9"]
[EventCountry "USA"]
[TimeControl "5400+30"]

1. e4 e6 2. d3 d5 3. Nd2 Nf6 4. Ngf3 dxe4 5. dxe4 Bc5 6. h3 e5 7. Bc4 O-O 8.
O-O Nc6 9. c3 a5 10. a4 h6 11. Re1 Qe7 12. Nf1 Be6 13. Qb3 Bxc4 14. Qxc4 Bb6
15. Be3 Nd7 16. Ng3 Bxe3 17. Rxe3 g6 18. h4 Nb6 19. Qe2 Rad8 20. h5 Kh7 21. Rd3
Rxd3 22. Qxd3 Rd8 23. Qb5 Qe6 24. b3 Qd6 25. Re1 Qd3 26. Re3 Qd6 27. Kh2 Qe7
28. Re1 Qd6 29. Rc1 Qa3 30. Ne2 Qe7 31. hxg6+ fxg6 32. c4 Rf8 33. Rd1 g5 34.
Kg1 g4 35. Nh2 Rd8 36. Rxd8 Qxd8 37. c5 Na7 38. Qxa5 Nc6 39. Qe1 Nd7 40. Nxg4
Qg5 41. Ne3 Nxc5 42. Ng3 Nxb3 43. Nd5 Qc1 44. Qxc1 Nxc1 45. Nxc7 Nd3 46. Nd5
Nc5 47. Nb6 Nb4 48. f3 Nbd3 49. Nf5 Nb2 50. Nd6 Nbxa4 51. Nxa4 Nxa4 52. Nxb7
Nb6 53. Kf2 Kg6 54. Nc5 Kg5 55. Nd3 Nc4 56. g3 Kf6 57. Ne1 h5 58. Ng2 Nd6 59.
Nh4 Kg5 60. Ke2 Kf6 61. Ke3 Nc4+ 62. Kd3 Nd6 63. f4 exf4 64. gxf4 Nf7 65. Kd4
Ke6 66. e5 Nh6 67. Ke4 Ng4 68. f5+ Ke7 69. Kf4 Kf7 70. Ng6 Nf2 71. Kg5 Ne4+ 72.
Kxh5 Ng3+ 73. Kg4 Ne4 74. Kf4 Nc5 75. Ke3 Nb3 76. Ke4 Nc5+ 77. Kd5 Nd3 78. Kd6
1-0

[Event "12th Philadelphia Open"]
[Site "Philadelphia"]
[Date "2018.03.30"]
[Round "5"]
[White "Mujumdar, Sameer"]
[Black "Hua, Eugene"]
[Result "1/2-1/2"]
[ECO "B49"]
[WhiteElo "2092"]
[BlackElo "2314"]
[PlyCount "37"]
[EventDate "2018.03.??"]
[EventType "swiss"]
[EventRounds "9"]
[EventCountry "USA"]
[TimeControl "5400+30"]

1. e4 c5 2. Nf3 e6 3. d4 cxd4 4. Nxd4 Nc6 5. Nc3 Qc7 6. Be3 a6 7. Be2 Nf6 8.
O-O Be7 9. f4 d6 10. Qe1 O-O 11. Qg3 Nxd4 12. Bxd4 b5 13. a3 Bb7 14. Bd3 Rad8
15. Rae1 d5 16. e5 Ne4 17. Qe3 Rd7 18. Ne2 Qc6 19. c3 1/2-1/2

[Event "12th Philadelphia Open"]
[Site "Philadelphia"]
[Date "2018.03.30"]
[Round "5"]
[White "Niemann, Hans"]
[Black "Balakrishnan, Praveen"]
[Result "0-1"]
[ECO "A08"]
[WhiteElo "2302"]
[BlackElo "2405"]
[PlyCount "78"]
[EventDate "2018.03.??"]
[EventType "swiss"]
[EventRounds "9"]
[EventCountry "USA"]
[TimeControl "5400+30"]

1. Nf3 d5 2. g3 c5 3. Bg2 Nf6 4. O-O e6 5. c4 d4 6. b4 cxb4 7. a3 Nc6 8. Qa4
Nd7 9. axb4 Bxb4 10. Nxd4 Nxd4 11. Qxb4 Nxe2+ 12. Kh1 Nxc1 13. Rxc1 Qe7 14.
Qxe7+ Kxe7 15. Nc3 Rd8 16. Rcb1 Ne5 17. Bxb7 Bxb7+ 18. Rxb7+ Kf8 19. c5 Rxd2
20. Kg1 a5 21. Ne4 Rc2 22. Ra4 h6 23. Rb5 f5 24. Nd6 g5 25. h3 h5 26. Rbxa5
Rxa5 27. Rxa5 Rc1+ 28. Kg2 g4 29. Ra8+ Kg7 30. Ra7+ Kg6 31. hxg4 hxg4 32. Ra3
Nf3 33. Rxf3 gxf3+ 34. Kxf3 Rxc5 35. g4 Kf6 36. gxf5 exf5 37. Ne8+ Kf7 38. Nd6+
Ke7 39. Nb7 Rb5 0-1

[Event "12th Philadelphia Open"]
[Site "Philadelphia"]
[Date "2018.03.30"]
[Round "5"]
[White "Pedersen, Christian Kyndel"]
[Black "Katz, Alexander"]
[Result "1-0"]
[ECO "E01"]
[WhiteElo "2405"]
[BlackElo "2347"]
[PlyCount "99"]
[EventDate "2018.03.??"]
[EventType "swiss"]
[EventRounds "9"]
[EventCountry "USA"]
[TimeControl "5400+30"]

1. d4 Nf6 2. c4 e6 3. g3 d5 4. Nf3 Be7 5. Bg2 O-O 6. O-O dxc4 7. Qc2 b6 8. Bg5
Bb7 9. Bxf6 Bxf6 10. Ng5 Bxg5 11. Bxb7 Nd7 12. Bxa8 Qxa8 13. Qxc4 c5 14. Nc3
Bf6 15. dxc5 Nxc5 16. Rac1 a5 17. Rfd1 Qb7 18. b3 h5 19. Na4 Ne4 20. Qc6 Qxc6
21. Rxc6 b5 22. Nc5 Nc3 23. Rd2 Nb1 24. Rd3 Ra8 25. Ne4 b4 26. Nxf6+ gxf6 27.
e3 Ra7 28. Rdd6 Nc3 29. a4 f5 30. Ra6 Rc7 31. Rxa5 Ne4 32. Rd4 h4 33. gxh4 Rc1+
34. Kg2 Rc2 35. Rxe4 fxe4 36. Rb5 f5 37. Rxb4 Ra2 38. Kg3 Kf7 39. Rb5 Kf6 40.
a5 e5 41. Rb6+ Kf7 42. a6 Ra1 43. Rb7+ Kf6 44. a7 Rg1+ 45. Kh3 Ra1 46. b4 f4
47. b5 Kf5 48. b6 fxe3 49. fxe3 Ra6 50. Rf7+ 1-0

[Event "12th Philadelphia Open"]
[Site "Philadelphia"]
[Date "2018.03.30"]
[Round "5"]
[White "Popilski, Gil"]
[Black "Mulyar, Michael"]
[Result "1/2-1/2"]
[ECO "D45"]
[WhiteElo "2502"]
[BlackElo "2396"]
[PlyCount "59"]
[EventDate "2018.03.??"]
[EventType "swiss"]
[EventRounds "9"]
[EventCountry "USA"]
[TimeControl "5400+30"]

1. d4 d5 2. c4 c6 3. Nf3 Nf6 4. Nc3 e6 5. e3 Nbd7 6. Qc2 Bd6 7. Be2 O-O 8. O-O
dxc4 9. Bxc4 b5 10. Be2 Bb7 11. a3 a6 12. b4 a5 13. Rb1 axb4 14. axb4 Qe7 15.
Qb3 e5 16. dxe5 Nxe5 17. Nd4 g6 18. h3 Rfc8 19. Rd1 Ba6 20. Bd2 Nc4 21. Be1 h5
22. Na2 Ne4 23. Nc3 Nf6 24. Na2 Ne4 25. Bf3 Qe5 26. Bxe4 Qxe4 27. Qd3 Qxd3 28.
Rxd3 Bb7 29. Nc3 Re8 30. Rdd1 1/2-1/2

[Event "12th Philadelphia Open"]
[Site "Philadelphia"]
[Date "2018.03.30"]
[Round "5"]
[White "Shabalov, Alexander"]
[Black "Turgut, Tansel"]
[Result "1-0"]
[ECO "C44"]
[WhiteElo "2568"]
[BlackElo "2265"]
[PlyCount "109"]
[EventDate "2018.03.??"]
[EventType "swiss"]
[EventRounds "9"]
[EventCountry "USA"]
[TimeControl "5400+30"]

1. e4 e5 2. Nf3 Nc6 3. c3 Nf6 4. d4 Nxe4 5. d5 Bc5 6. dxc6 Bxf2+ 7. Ke2 Bb6 8.
Qd5 Nf2 9. Rg1 bxc6 10. Qxe5+ Kf8 11. Nd4 Ng4 12. Qf4 d5 13. Kd1 c5 14. Nf3 c4
15. Nd4 h6 16. Be2 g5 17. Qg3 h5 18. h3 h4 19. Qe1 Nh6 20. Rf1 Kg7 21. Nc6 Qd6
22. Bxg5 Qxc6 23. Bf6+ Qxf6 24. Rxf6 Kxf6 25. Qxh4+ Kg7 26. g4 f6 27. Qg3 Re8
28. Na3 Bd7 29. Nc2 Ba4 30. Qg2 d4 31. cxd4 Bxd4 32. Kc1 Bb6 33. Bxc4 Rad8 34.
b3 Bd7 35. Kb2 Be6 36. g5 Nf5 37. gxf6+ Kxf6 38. Bxe6 Rxe6 39. Rf1 Re5 40. h4
Rf8 41. h5 Rf7 42. Qg6+ Ke7 43. h6 Nxh6 44. Rd1 Re6 45. Qg5+ Rff6 46. a4 Nf7
47. Qd5 Rd6 48. Re1+ Rfe6 49. Rxe6+ Rxe6 50. Nb4 Ne5 51. a5 c6 52. axb6 cxd5
53. bxa7 Nd3+ 54. Nxd3 Ra6 55. Nb4 1-0

[Event "12th Philadelphia Open"]
[Site "Philadelphia"]
[Date "2018.03.30"]
[Round "5"]
[White "Slade, Theodore"]
[Black "Homa, Seth"]
[Result "1-0"]
[ECO "D35"]
[WhiteElo "2020"]
[BlackElo "2247"]
[PlyCount "65"]
[EventDate "2018.03.??"]
[EventType "swiss"]
[EventRounds "9"]
[EventCountry "USA"]
[TimeControl "5400+30"]

1. d4 d5 2. c4 e6 3. Nc3 Nf6 4. cxd5 exd5 5. Bg5 c6 6. e3 Be7 7. Bd3 Nbd7 8.
Qc2 h6 9. Bh4 Nh5 10. Bxe7 Qxe7 11. Nge2 Nb6 12. O-O O-O 13. Rad1 Bg4 14. h3
Bxe2 15. Qxe2 Nf6 16. f3 c5 17. dxc5 Qxc5 18. Nb5 Rfe8 19. Nd4 Rac8 20. Rc1
Qxc1 21. Rxc1 Rxc1+ 22. Kf2 Ra1 23. a3 Rc8 24. Nb3 Rh1 25. Qd2 Nc4 26. Qc3 Re8
27. Bxc4 Rc8 28. Nd2 dxc4 29. Nf1 b5 30. Qd4 a6 31. e4 Nh7 32. Ng3 c3 33. bxc3
1-0

[Event "12th Philadelphia Open"]
[Site "Philadelphia"]
[Date "2018.03.30"]
[Round "5"]
[White "Wegerle, Joerg"]
[Black "Kretchetov, Alexandre"]
[Result "1/2-1/2"]
[ECO "D00"]
[WhiteElo "2424"]
[BlackElo "2244"]
[PlyCount "48"]
[EventDate "2018.03.??"]
[EventType "swiss"]
[EventRounds "9"]
[EventCountry "USA"]
[TimeControl "5400+30"]

1. d4 d5 2. Bg5 f6 3. Bh4 Nh6 4. f3 c5 5. dxc5 Qa5+ 6. Qd2 Qxd2+ 7. Nxd2 e5 8.
e4 d4 9. Nb3 a5 10. a4 Na6 11. Bxa6 Rxa6 12. Ne2 Nf7 13. Nec1 Nd8 14. Kd1 Nc6
15. Nd3 Be6 16. Be1 Be7 17. Bd2 O-O 18. Rf1 g6 19. g4 Kh8 20. Rg1 Bc4 21. Nbc1
Raa8 22. b3 Ba6 23. Ra2 Rad8 24. Rb2 Rf7 1/2-1/2

[Event "12th Philadelphia Open"]
[Site "Philadelphia"]
[Date "2018.03.30"]
[Round "5"]
[White "Yanayt, Eugene"]
[Black "Deshpande, Neil"]
[Result "1-0"]
[ECO "A17"]
[WhiteElo "2127"]
[BlackElo "1717"]
[PlyCount "79"]
[EventDate "2018.03.??"]
[EventType "swiss"]
[EventRounds "9"]
[EventCountry "USA"]
[TimeControl "5400+30"]

1. c4 Nf6 2. Nc3 d5 3. cxd5 Nxd5 4. g3 g6 5. Bg2 Nxc3 6. bxc3 Bg7 7. Rb1 Nd7 8.
h4 Nb6 9. Qc2 c6 10. h5 Be6 11. d3 Qd7 12. Nf3 Bg4 13. h6 Bf6 14. Ng5 e5 15.
Qb3 Bxg5 16. Bxg5 Qf5 17. Be3 Qe6 18. Qa3 Kd7 19. f3 Bf5 20. g4 Rhb8 21. gxf5
gxf5 22. c4 Nc8 23. Bh3 Ne7 24. Rg1 Qf6 25. Bg5 Qd6 26. Bxe7 Kxe7 27. Qxd6+
Kxd6 28. Bxf5 b6 29. Kd2 Rg8 30. Rg7 Ke7 31. Rbg1 Rh8 32. R1g5 c5 33. Be4 Rad8
34. Rxe5+ Kf6 35. Rf5+ Ke6 36. Rgxf7 Rxd3+ 37. Bxd3 Rd8 38. R5f6+ Ke5 39. f4+
Kd4 40. e3# 1-0

[Event "12th Philadelphia Open"]
[Site "Philadelphia"]
[Date "2018.03.30"]
[Round "5"]
[White "Yanovsky, Vlad"]
[Black "Peng, Shunkai"]
[Result "1-0"]
[ECO "B90"]
[WhiteElo "2112"]
[BlackElo "2291"]
[PlyCount "125"]
[EventDate "2018.03.??"]
[EventType "swiss"]
[EventRounds "9"]
[EventCountry "USA"]
[TimeControl "5400+30"]

1. e4 c5 2. Nf3 d6 3. d4 cxd4 4. Nxd4 Nf6 5. Nc3 a6 6. h3 g6 7. g4 Bg7 8. Bg2
h5 9. g5 Nfd7 10. Be3 Nc6 11. O-O O-O 12. Kh1 Nb6 13. Nde2 Rb8 14. f4 Nc4 15.
Bc1 e6 16. b3 Qa5 17. e5 Na3 18. Bxa3 Qxa3 19. Qxd6 Qxd6 20. exd6 Bd7 21. Rad1
Rfc8 22. Na4 b6 23. c3 Na5 24. Nb2 Bxc3 25. Nxc3 Rxc3 26. Rc1 Rbc8 27. Rxc3
Rxc3 28. Rd1 Kf8 29. Nd3 Nc6 30. Nf2 Ke8 31. Rd2 Kd8 32. Ne4 Rc1+ 33. Kh2 Nb4
34. Nf6 a5 35. a3 Rc2 36. Ne4 Rxd2 37. Nxd2 Nc2 38. a4 Nd4 39. Be4 b5 40. axb5
Bxb5 41. Bf3 Kd7 42. Bd1 Bd3 43. Kg3 Kxd6 44. Kf2 Kd5 45. Ke3 Bf1 46. Nxf1 e5
47. fxe5 Kxe5 48. Nd2 Nf5+ 49. Kd3 Kf4 50. Nc4 Kg3 51. Nxa5 Kxh3 52. b4 Kg3 53.
b5 Nd6 54. b6 h4 55. Bb3 Kf4 56. Bd5 Ke5 57. Bh1 Ke6 58. Nc4 Kd7 59. Nxd6 Kxd6
60. Kd4 h3 61. b7 Kc7 62. Ke5 h2 63. Kf6 1-0

[Event "12th Philadelphia Open"]
[Site "Philadelphia"]
[Date "2018.03.30"]
[Round "5.1"]
[White "Sevian, Samuel"]
[Black "Azarov, Sergei"]
[Result "1-0"]
[ECO "C93"]
[WhiteElo "2619"]
[BlackElo "2570"]
[PlyCount "91"]
[EventDate "2018.03.??"]
[EventType "swiss"]
[EventRounds "9"]
[EventCountry "USA"]
[TimeControl "5400+30"]
[WhiteClock "0:11:42"]
[BlackClock "0:06:36"]

1. e4 e5 2. Nf3 Nc6 3. Bb5 a6 4. Ba4 Nf6 5. O-O Be7 6. Re1 b5 7. Bb3 d6 8. c3 O-O 9. h3 h6 10. d4 Re8 11. Nbd2 Bf8 12. Bc2 Bb7 13. a3 Qd7 14. b4 d5 15. dxe5 Nxe5 16. Nxe5 Rxe5 17. Nf3 Re7 18. e5 Ne4 19. Be3 a5 20. Bd4 Ree8 21. Qd3 g6 22. h4 h5 23. Ng5 Nxg5 24. hxg5 Qc6 25. Qe2 Bc8 26. Bd3 Bd7 27. f4 Bg4 28. Bxb5 Qe6 29. Qf2 c6 30.
Bd3 Bf5 31. Qc2 Bxd3 32. Qxd3 c5 33. bxc5 Rac8 34. Rf1 Qf5 35. Qxf5 gxf5 36. Rfb1 Bxc5 37. Rb5 Bxd4+ 38. cxd4 Rc4 39. Rd1 Rc2 40. Rdb1 Kg7 41. Rxd5 h4 42. Rb7 Rec8 43. e6 h3 44. Rxf7+ Kg8 45. Kh2 hxg2 46. Rc5 1-0

[Event "12th Philadelphia Open"]
[Site "Philadelphia"]
[Date "2018.03.30"]
[Round "5.2"]
[White "Checa, Nicolas"]
[Black "Stripunsky, Alexander"]
[Result "1/2-1/2"]
[ECO "A41"]
[WhiteElo "2485"]
[BlackElo "2538"]
[PlyCount "123"]
[EventDate "2018.03.??"]
[EventType "swiss"]
[EventRounds "9"]
[EventCountry "USA"]
[TimeControl "5400+30"]
[WhiteClock "0:17:46"]
[BlackClock "0:06:49"]

1. d4 d6 2. c4 g6 3. Nf3 Bg7 4. Nc3 e5 5. e4 exd4 6. Nxd4 Nc6 7. Be3 Nge7 8.
Be2 O-O 9. O-O f5 10. Nxc6 bxc6 11. Bd4 Bxd4 12. Qxd4 c5 13. Qd2 Be6 14. Rad1 fxe4 15. Nxe4 Bf5 16. Bf3 Bxe4 17. Bxe4 Rb8 18. Qc3 h6 19. Rfe1 Qd7 20. b3 Nf5 21. Qa5 Qg7 22. Qxa7 Nd4 23. Qa5 g5 24. Qd2 Qf6 25. Re3 Kg7 26. Rde1 c6 27. Bb1 Rf7 28. f3 h5 29. Qd3 Rh8 30.
Re8 Rh6 31. Rc8 Re7 32. Rxe7+ Qxe7 33. Qe4 Qxe4 34. Bxe4 Re6 35. Kf1 h4 36. a4 Nxb3 37. Bxc6 Re3 38. Bd5 Nc1 39. Rc7+ Kf8 40. Rb7 Nd3 41. Rb1 Nb4 42. Ra1 Nc2 43. Rc1 Nb4 44. Be4 Ra3 45. Rd1 Ke7 46. Ke2 Rxa4 47. f4 Na2 48. Re1 Kf6 49. fxg5+ Kxg5 50. Bd3 Nb4 51. Be4 Kf4 52. Kd2 Ra3 53. Bb1 Rb3 54. Be4 Kg5 55. Rf1 h3 56. gxh3 Rxh3 57. Rf5+ Kg4 58. Rf6 Rxh2+ 59. Kc3 Rh3+ 60. Kb2 Nd3+ 61. Kc2 Nb4+ 62. Kb2 1/2-1/2

[Event "12th Philadelphia Open"]
[Site "Philadelphia"]
[Date "2018.03.30"]
[Round "5.3"]
[White "Zhou, Jianchao"]
[Black "Sheng, Joshua"]
[Result "1-0"]
[ECO "D02"]
[WhiteElo "2611"]
[BlackElo "2408"]
[PlyCount "67"]
[EventDate "2018.03.??"]
[EventType "swiss"]
[EventRounds "9"]
[EventCountry "USA"]
[TimeControl "5400+30"]
[WhiteClock "0:16:10"]
[BlackClock "0:32:46"]

1. d4 d5 2. Nf3 Nf6 3. Bf4 c5 4. e3 Nc6 5. c3 Bf5 6. dxc5 e6 7. b4 Be7 8. Bb5 O-O 9. Nd4 Nxd4 10. exd4 a6 11. Be2 Nd7 12. Nd2 g5 13.
Be3 Bg6 14. O-O Qc7 15. f4 gxf4 16. Bxf4 Qd8 17. Nf3 Bf6 18. Bd3 Bg7 19. Bd6 Bxd3 20. Qxd3 Re8 21. Ne5 f6 22. Nxd7 Qxd7 23. Rae1 Rad8 24. Re3 Qb5 25. Qb1 Kh8 26. Rh3 f5 27. Qd1 Qd7 28. Qh5 Bf6 29. Qg6 Qg7 30. Rxh7+ Qxh7 31. Qxf6+ Kg8 32. Rf3 Rd7 33. Rh3 Rf7 34. Qe5 1-0

[Event "12th Philadelphia Open"]
[Site "Philadelphia"]
[Date "2018.03.30"]
[Round "5.4"]
[White "Burke, John M"]
[Black "Panchanatham, Vignesh"]
[Result "1/2-1/2"]
[ECO "C13"]
[WhiteElo "2525"]
[BlackElo "2384"]
[PlyCount "194"]
[EventDate "2018.03.??"]
[EventType "swiss"]
[EventRounds "9"]
[EventCountry "USA"]
[TimeControl "5400+30"]
[WhiteClock "0:00:15"]
[BlackClock "0:10:00"]

1. e4 e6 2. d4 d5 3. Nc3 Nf6 4. Bg5 Be7 5. e5 Nfd7 6. h4 Bxg5 7. hxg5 Qxg5 8. Qd3 h5 9. Nf3 Qe7 10. g4 g6 11. O-O-O Nc6 12. gxh5 gxh5 13. Be2 Nf8 14. Rh2 h4 15. Rdh1 Bd7 16. Rxh4 Rxh4 17. Rxh4 f6 18. exf6 Qxf6 19. Nd1 O-O-O 20. Ne3 Ng6 21. Rh6 Be8 22. Qd2 Qf4 23. Ng2 Qf8 24. Qg5 Nce7 25. Kb1 Qf5 26. Qg3 Qf8 27. Qg5 Qf5 28. Ne3 Qf4 29. Rh7 Nc6 30. Qg4 Qxg4 31. Nxg4 Nf4 32. Bb5 Bg6 33. Rh4 Ng2 34. Rh2 Be4 35. Bxc6 Bxf3 36. Ne5 Ne1 37. Ba4 Be4 38. Rh6 c6 39. Rf6 Rh8 40. Kc1 Rh3 41. Kd2 Nf3+ 42. Nxf3 Rxf3 43. Rxf3 Bxf3 44. Ke3 Bd1 45. Kf4 a5 46. Bb3 b5 47. c3 Be2 48. Ke5 Kd7 49. Bc2 a4 50. Bg6 Ke7 51. Bh7 Bg4 52. Bd3 Bd1 53. Bf1 Bg4 54. Bg2 Bf5 55. Bf3 Bh3 56. Bh5 Bf5 57. f3 Bh7 58. Bg4 Bg8 59. Bh3 Bf7 60.
Bf1 Bg6 61. Bh3 Bf7 62. f4 Bg8 63. Bg4 Bf7 64. f5 exf5 65.
Bxf5 Be8 66. Be6 Bd7 67. Bxd7 Kxd7 68. Kf6 Kd6 69. Kf7 a3 70. b3 b4 71. cxb4 Kc7 72. Ke6 Kb6 73. Kd6 Kb5 74. Kc7 Kxb4 75. Kxc6 Kc3 76. Kxd5 Kb2 77. b4 Kxa2 78. b5 Kb3 79. b6 a2 80. b7 a1=Q 81. b8=Q+ Kc3 82. Qg3+ Kb4 83. Qd6+ Kc3 84. Qc5+ Kd3 85. Qc4+ Ke3 86. Qb3+ Kf4 87. Qb8+ Ke3 88. Qg3+ Kd2 89. Ke5 Ke2 90. Qb3 Kd2 91. Kd5 Qa8+ 92. Kc5 Qc8+ 93. Kd6 Qd8+ 94. Kc5 Qc8+ 95. Kb4 Qf8+ 96. Kc4 Qc8+ 97. Kb4 Qf8+ 1/2-1/2

[Event "12th Philadelphia Open"]
[Site "Philadelphia"]
[Date "2018.03.31"]
[Round "6"]
[White "Balakrishnan, Praveen"]
[Black "Wong, Jianwen"]
[Result "0-1"]
[ECO "A50"]
[WhiteElo "2405"]
[BlackElo "2153"]
[PlyCount "102"]
[EventDate "2018.03.??"]
[EventType "swiss"]
[EventRounds "9"]
[EventCountry "USA"]
[TimeControl "5400+30"]

1. d4 Nf6 2. c4 Nc6 3. Nf3 e6 4. g3 Bb4+ 5. Bd2 Qe7 6. Nc3 a5 7. Bg2 d6 8. O-O
O-O 9. Qc2 Bxc3 10. Bxc3 e5 11. d5 Nb8 12. Nd2 Nbd7 13. b3 Ne8 14. e4 Nc5 15.
a3 Bd7 16. b4 axb4 17. axb4 Rxa1 18. Rxa1 Na6 19. Nb3 f5 20. Na5 Bc8 21. exf5
Nb8 22. f4 exf4 23. Re1 Qg5 24. Qd2 Qxf5 25. gxf4 Nf6 26. c5 Nh5 27. cxd6 cxd6
28. Nc4 Qg6 29. Kh1 b5 30. Be4 Qh6 31. Nxd6 Qxd6 32. Be5 Qh6 33. Bxb8 Ng3+ 34.
Kg1 Nxe4 35. Rxe4 Qg6+ 36. Qg2 Bf5 37. Qxg6 hxg6 38. Re5 Rxb8 39. Kf2 Kf7 40.
Ke3 Rc8 41. d6 Re8 42. Kd4 Rxe5 43. Kxe5 Bd7 44. h4 Bg4 45. Kd5 Bf3+ 46. Ke5
Bc6 47. f5 gxf5 48. Kxf5 Bd7+ 49. Kg5 Ke6 50. Kg6 Kxd6 51. Kxg7 Bg4 0-1

[Event "12th Philadelphia Open"]
[Site "Philadelphia"]
[Date "2018.03.31"]
[Round "6"]
[White "Goletiani, Rusudan"]
[Black "Mujumdar, Sameer"]
[Result "0-1"]
[ECO "E94"]
[WhiteElo "2306"]
[BlackElo "2092"]
[PlyCount "128"]
[EventDate "2018.03.??"]
[EventType "swiss"]
[EventRounds "9"]
[EventCountry "USA"]
[TimeControl "5400+30"]

1. c4 Nf6 2. Nf3 g6 3. Nc3 Bg7 4. e4 d6 5. d4 O-O 6. Be2 Na6 7. O-O e5 8. Re1
exd4 9. Nxd4 Nc5 10. f3 a5 11. Bg5 c6 12. Kh1 Nfxe4 13. Nxe4 Nxe4 14. Be3 Nf6
15. Qd2 Re8 16. Rad1 Be6 17. Bh6 Bxh6 18. Qxh6 Qb6 19. Qf4 Nh5 20. Qd2 Rad8 21.
Bf1 Qb4 22. Qc1 Ng7 23. Bd3 Bc8 24. f4 Qc5 25. Qc3 Bg4 26. Rc1 Qb4 27. Rf1 Ne6
28. Nb3 Qxc3 29. Rxc3 Nc5 30. Bc2 Na4 31. Rg3 Be2 32. Rb1 Bxc4 33. Nxa5 Bxa2
34. Ra1 Nb6 35. h4 Bd5 36. Nxb7 Rd7 37. Na5 Re2 38. Bb3 Ra7 39. Bxd5 Nxd5 40.
Rga3 Rxb2 41. f5 Rc2 42. Nb3 Rxa3 43. Rxa3 Kg7 44. Ra7 Ne3 45. fxg6 hxg6 46.
Nd4 Rc4 47. Ne6+ Kf6 48. Nd8 Rxh4+ 49. Kg1 c5 50. Rxf7+ Ke5 51. Re7+ Kd4 52.
Ne6+ Kc4 53. Nxc5 dxc5 54. Rxe3 Rf4 55. Re1 Kd5 56. Kh2 c4 57. Kg3 Rf6 58. Rd1+
Kc5 59. Rc1 Kd4 60. Rd1+ Kc3 61. Kg4 Kc2 62. Rd7 c3 63. Kg5 Rb6 64. Kf4 Kb2 0-1

[Event "12th Philadelphia Open"]
[Site "Philadelphia"]
[Date "2018.03.31"]
[Round "6"]
[White "Homa, Seth"]
[Black "Zhu, Evelyn"]
[Result "1-0"]
[ECO "A11"]
[WhiteElo "2247"]
[BlackElo "2016"]
[PlyCount "91"]
[EventDate "2018.03.??"]
[EventType "swiss"]
[EventRounds "9"]
[EventCountry "USA"]
[TimeControl "5400+30"]

1. c4 c6 2. Nf3 d5 3. e3 Nf6 4. Nc3 a6 5. Qc2 g6 6. b3 Bg7 7. Bb2 O-O 8. d4 Bf5
9. Bd3 Bxd3 10. Qxd3 Nbd7 11. O-O Re8 12. Rfd1 Qb6 13. Rac1 Rac8 14. h3 Qa7 15.
Rc2 Qb8 16. e4 dxe4 17. Nxe4 Rcd8 18. Nxf6+ Bxf6 19. Qe4 Nc5 20. Qe3 Ne6 21.
Rcd2 Ng7 22. Qe2 Ne6 23. g3 Nc7 24. Ba3 Qc8 25. Kg2 Ne6 26. Qe4 Ng5 27. Nxg5
Bxg5 28. Rd3 Bf6 29. Bc1 Rd7 30. Bh6 Red8 31. h4 Bg7 32. Bxg7 Kxg7 33. h5 Qc7
34. Rh1 Qd6 35. Rh4 Qf6 36. d5 cxd5 37. cxd5 e6 38. hxg6 hxg6 39. Rf3 exd5 40.
Qe3 Qb2 41. Qh6+ Kg8 42. Qh7+ Kf8 43. Qxg6 Qg7 44. Qf5 Re7 45. Rh7 Qg8 46. Qh5
1-0

[Event "12th Philadelphia Open"]
[Site "Philadelphia"]
[Date "2018.03.31"]
[Round "6"]
[White "Katz, Alexander"]
[Black "Yanayt, Eugene"]
[Result "1-0"]
[ECO "B75"]
[WhiteElo "2347"]
[BlackElo "2127"]
[PlyCount "57"]
[EventDate "2018.03.??"]
[EventType "swiss"]
[EventRounds "9"]
[EventCountry "USA"]
[TimeControl "5400+30"]

1. e4 c5 2. Nf3 d6 3. d4 cxd4 4. Nxd4 Nf6 5. Nc3 g6 6. Be3 Bg7 7. f3 Nc6 8. Qd2
O-O 9. O-O-O Nxd4 10. Bxd4 Qa5 11. Kb1 Rd8 12. h4 Be6 13. Qg5 d5 14. e5 Nd7 15.
h5 h6 16. Qe3 g5 17. f4 gxf4 18. Qxf4 Nc5 19. Bd3 Ne4 20. g4 Rac8 21. Ne2 Rc6
22. Rdg1 f6 23. exf6 Bxf6 24. Bxf6 exf6 25. Qxh6 Bf7 26. g5 fxg5 27. Rxg5+ Nxg5
28. Qxg5+ Kf8 29. h6 1-0